 Dungeon Crawl Stone Soup version 0.31-a0-523-g071a6c1ffa (webtiles) character file.

Game seed: 4219258049413831504

192 javelincjr the Trooper (level 5, 0/43 HPs)
             Began as a Demonspawn Monk on Aug 11, 2023.
             Slain by a gnoll
             ... wielding a +0 whip
              (3 damage)
             ... on level 5 of the Dungeon.
             The game lasted 00:07:50 (2895 turns).

javelincjr the Trooper (Demonspawn Monk)            Turns: 2895, Time: 00:07:51

Health: 0/43       AC: 14    Str: 14    XL:     5   Next: 42%
Magic:  5/5        EV: 17    Int: 11    God:
Gold:   235        SH:  4    Dex: 15    Spells: 3/4 levels left

rFire   . . .        v - +0 hand axe (vamp)
rCold   . . .        d - orb {light}
rNeg    . . .        r - +0 ring mail
rPois   .            (no helmet)
rElec   .            (no cloak)
rCorr   .            (no gloves)
SInv    .            (no boots)
Will    .....        (no amulet)
Stlth   +            n - +5 ring of evasion
HPRegen 0.27/turn    u - ring of flight
MPRegen 0.09/turn

%: no passive effects
@: sanguine armoured, flying, glowing
A: sanguine armour 2, condensation shield
a: no special abilities


You were on level 5 of the Dungeon.
You visited 1 branch of the dungeon, and saw 5 of its levels.

You collected 235 gold pieces.

Inventory:

Hand Weapons
 a - a +0 spear
 m - a +2 short sword of flaming
 v - a +0 vampiric hand axe (weapon)
Missiles
 t - 5 poisoned darts
Armour
 b - a +0 robe
 d - an orb of light (worn)
 r - a +0 ring mail (worn)
Jewellery
 n - a +5 ring of evasion (left hand)
 u - a ring of flight (right hand)
Scrolls
 h - 4 scrolls of identify {unknown}
 i - 3 scrolls of poison {unknown}
 j - a scroll of enchant weapon {unknown}
 l - 2 scrolls of teleportation {unknown}
 o - 3 scrolls of revelation {unknown}
 p - a scroll of fog {unknown}
 s - a scroll of immolation {unknown}
 w - a scroll of torment {unknown}
 x - a scroll of noise {unknown}
Potions
 c - a potion of ambrosia
 e - a potion of enlightenment {unknown}
 f - 2 potions of lignification {unknown}
 g - a potion of haste {unknown}
 k - 2 potions of curing {unknown}
 q - a potion of degeneration {unknown}


   Skills:
 + Level 4.3 Fighting
 + Level 0.6(2.4) Axes
 - Level 3.7(3.8) Polearms
 + Level 3.9 Dodging


You had 3 spell levels left.
You knew the following spells:

 Your Spells              Type           Power      Damage    Failure   Level
a - Freeze                Ice            0%         1d3       58%         1

Your spell library contained the following spells:

 Spells                   Type           Power      Damage    Failure   Level
 Summon Small Mammal      Summ           0%         N/A       58%         1
 Wereblood                Tmut           0%         N/A       73%         2
 Call Canine Familiar     Summ           0%         N/A       91%         3
 Frozen Ramparts          Ice            0%         1d1       91%         3
 Hailstorm                Conj/Ice       0%         3d3       91%         3
 Summon Guardian Golem    Hex/Summ       0%         N/A       91%         3
 Petrify                  Tmut/Erth      0%         N/A       100%        4
 Irradiate                Conj/Tmut      0%         3d11      100%        5
 Metabolic Englaciation   Hex/Ice        0%         N/A       100%        5


Dungeon Overview and Level Annotations

Branches:
Dungeon (5/15)
 Temple: D:4-7

Altars:

Shops:
D:3 [   D:4 =(


Innate Abilities, Weirdness & Mutations

When seriously injured, your blood forms thick armour. (AC +9)
A meltable shield of frost defends you. (SH +4)


Message History

You hit the gnoll.
You feel better.
The gnoll is severely wounded.
You hit the gnoll.
You feel better.
You hit the gnoll.
Your blood armour dries and flakes away.
The gnoll misses you.
The gnoll hits you from afar with a +0 spear.
Your blood congeals into armour.
You block the gnoll's attack. The gnoll hits you but does no damage.
You hit the gnoll but do no damage.
The gnoll is severely wounded.
You barely miss the gnoll. You hit the gnoll.
The gnoll hits you but does no damage.
The gnoll hits you from afar with a +0 spear.
The gnoll barely misses you. The gnoll hits you with a +0 whip. x2
The gnoll misses you. The gnoll hits you but does no damage.
The gnoll misses you.
You are too injured to fight recklessly!
Unknown command.
You are too injured to fight recklessly!
You are too injured to fight recklessly!
The gnoll completely misses you. The gnoll attacks as you move away!
You block the gnoll's attack. The gnoll misses you.
The gnoll attacks as you move away! The gnoll completely misses you.
The gnoll hits you from afar with a +0 spear.
You hit the gnoll but do no damage.
The gnoll is heavily wounded.
The gnoll hits you from afar with a +0 spear.
* * * LOW HITPOINT WARNING * * *
The gnoll completely misses you. The gnoll barely misses you.
You hit the gnoll but do no damage.
The gnoll is heavily wounded.
You block the gnoll's attack. The gnoll misses you.
The gnoll hits you from afar with a +0 spear.
* * * LOW HITPOINT WARNING * * *
You hit the gnoll.
The gnoll is severely wounded.
You block the gnoll's attack. The gnoll hits you but does no damage.
The gnoll hits you with a +0 whip.
You die...

#.....# #
##.....#.#
.........
#.....#.##
##.........
#####.....#
#...ggg.g.#
#.###g###.#
.#### #.# #@#
.#
......#<###.#
#
#....##.###.#
#...........#
##...##.#####
##.###.# #.#
#.# #.# #.#
..# #.#


You could see 4 gnolls.

Vanquished Creatures
  An orc priest (D:4)
  4 gnolls
  4 adders
  An ufetubus (D:4)
  2 worms (D:2)
  7 orcs
  12 ball pythons
  4 endoplasms
  3 giant cockroaches
  4 hobgoblins
  2 jackals (D:2)
  8 kobolds
  5 quokkas
  4 bats
  4 frilled lizards
  3 goblins
  5 rats
73 creatures vanquished.

Notes
Turn   | Place    | Note
-------+----------+-------------------------------------------
     0 | D:1      | javelincjr the Demonspawn Monk began the quest for the Orb.
     0 | D:1      | Reached XP level 1. HP: 18/18 MP: 1/1
    94 | D:1      | Gained mutation: A meltable shield of frost defends you.
                  | (SH +4) [demonic ancestry]
    94 | D:1      | Reached XP level 2. HP: 24/24 MP: 2/2
   191 | D:1      | Found a faded altar of an unknown god.
   246 | D:1      | Gained mutation: When seriously injured, your blood forms
                  | armour. (AC +9) [demonic ancestry]
   246 | D:1      | Reached XP level 3. HP: 25/29 MP: 3/3
   633 | D:2      | Learned a level 1 spell: Freeze
  1019 | D:2      | Reached XP level 4. HP: 26/37 MP: 4/4
  1577 | D:3      | Reached skill level 4 in Fighting
  1698 | D:3      | Found Uhuap's Armour Emporium.
  2097 | D:4      | Gained mutation: When seriously injured, your blood forms
                  | thick armour. (AC +9) [demonic ancestry]
  2097 | D:4      | Reached XP level 5. HP: 36/42 MP: 5/5
  2185 | D:4      | Found Witedom's Jewellery Emporium.
  2256 | D:4      | Found Kevviv's Weapon Shop.
  2869 | D:5      | Entered Level 5 of the Dungeon
  2894 | D:5      | HP: 2/43 [gnoll/+0 spear (6)]
  2895 | D:5      | Slain by a gnoll

Illustrated notes

Levels and vault maps discovered:
D:1:      tarquinn_simple_flora_water_a, layout_rooms,
          ebering_ecumenical_altar_abandoned
D:2:      layout_basic
D:3:      layout_basic, serial_shops, nicolae_shop_tiny_glass,
          supply_closet_lemuel
D:4:      layout_cave_pods, serial_shops, nicolae_shop_gaudy_bauble,
          nicolae_shop_bloodbath_and_beyond, kennysheep_generic_room_10
D:5:      lemuel_insect_pit, layout_loops_ring, serial_shops, shop,
          nicolae_shop_hallway_stairs

Skill      XL: |  1  2  3  4 |
---------------+-------------+-----
Dodging        | 3 |  3.9
Polearms       | 3 |  3.7
Fighting       | 4 |  4.3
Axes           | |  0.6

Action                     |  1- 3 |  4- 6 || total
---------------------------+-------+-------++-------
  Melee: Spear             |   154 |       ||   154
         Short sword       |       |    61 ||    61
         Hand axe          |       |    33 ||    33
   Stab: Sleeping          |     1 |       ||     1
 Armour: Robe              |    19 |       ||    19
         Ring mail         |       |    20 ||    20
  Dodge: Dodged            |    81 |    93 ||   174
  Block: Orb               |    19 |    24 ||    43

Table legend: (Time is in decaauts)
 A = Elapsed time spent in this place.
 B = Non-inter-level travel time spent in this place.
 C = Inter-level travel time spent in this place.
 D = Time resting spent in this place.
 E = Time spent auto-exploring this place.
 F = Levels seen in this place.
 G = Mean time per level.
                   A        B        C        D        E       F      G
               +--------+--------+--------+--------+--------+-----+--------+
         Total |   2890 |   2711 |    179 |      0 |   2162 |   5 |  578.0 |
       Dungeon |   2890 |   2711 |    179 |      0 |   2162 |   5 |  578.0 |
               +--------+--------+--------+--------+--------+-----+--------+

Top non-repeatable levels by time:
     D:2: 835 daAuts
     D:4: 819 daAuts
     D:1: 621 daAuts
     D:3: 586 daAuts
     D:5: 27 daAuts
